 Dungeon Crawl Stone Soup version 0.32-a0-42-ga30500b4d3 (webtiles) character file.

Game seed: 353842367827912263

121 CraigForest the Covered (level 4, -5/41 HPs)
             Began as a Minotaur Fighter on Feb 2, 2024.
             Slain by a gnoll
             ... wielding a +0 flail
              (8 damage)
             ... on level 2 of the Dungeon.
             The game lasted 00:05:03 (1447 turns).

CraigForest the Covered (Minotaur Fighter)          Turns: 1447, Time: 00:05:03

Health: -5/41      AC:  4    Str: 21    XL:     4   Next: 76%
Magic:  3/3        EV: 11    Int:  5    God:
Gold:   87         SH:  9    Dex:  9    Spells: 3/3 levels left

rFire   . . .        a - +0 long sword
rCold   . . .        c - +0 buckler
rNeg    . . .        o - +1 leather armour {Will+}
rPois   .            (helmet restricted)
rElec   .            (no cloak)
rCorr   .            (no gloves)
SInv    .            (no boots)
Will    .....        f - amulet of reflection
Stlth   +            e - ring of wizardry
HPRegen 0.26/turn    (no ring)
MPRegen 0.08/turn

%: random rage (3%), reflection, wizardry (x1)
@: weak-willed
A: horns 2, retaliatory headbutt, berserk 1, clumsy 1
a: no special abilities


You were on level 2 of the Dungeon.
You visited 1 branch of the dungeon, and saw 3 of its levels.

You collected 87 gold pieces.

Inventory:

Hand Weapons
 a - a +0 long sword (weapon)
 k - a +2 hand axe of venom
Missiles
 h - 2 curare-tipped darts (quivered)
Armour
 b - a +0 scale mail
 c - a +0 buckler (worn)
 o - a +1 leather armour of willpower (worn)
Jewellery
 e - a ring of wizardry (left hand)
 f - an amulet of reflection (around neck)
Scrolls
 g - a scroll of noise
 l - a scroll of fear {unknown}
 n - a scroll of identify {unknown}
Potions
 d - a potion of might
 m - a potion of lignification {unknown}
 p - a potion of curing {unknown}


   Skills:
 + Level 4.3 Fighting
 + Level 4.0 Long Blades
 + Level 4.4 Armour
 + Level 0.9 Dodging
 + Level 4.4 Shields


You had 3 spell levels left.
You didn't know any spells.
Your spell library contained the following spells:

 Spells                   Type           Power      Damage    Failure   Level
 Shock                    Conj/Air       0%         1d3       28%         1
 Swiftness                Air            0%         N/A       63%         3
 Airstrike                Air            0%         2d(0-16)  95%         4


Dungeon Overview and Level Annotations

Branches:
Dungeon (3/15)

Altars:

Shops:
D:2 [


Innate Abilities, Weirdness & Mutations

You have a pair of horns on your head.
You reflexively headbutt those who attack you in melee.
You sometimes lose your temper in combat.
You are clumsy. (Dex -2)


Message History

You feel sick. The adder barely misses you. You block the gnoll's attack.
A hobgoblin comes into view.
You barely miss the adder.
The adder is lightly wounded.
You feel sick.
The hobgoblin shouts!
You hear an angry hiss.
The adder bites you but does no damage. You block the adder's attack.
You miss the adder. Your headbutt misses the adder.
The adder is lightly wounded.
You feel sick. You block the gnoll's attack. The gnoll closely misses you.
The adder bites you. You block the gnoll's attack.
You feel sick. The adder bites you but does no damage.
The gnoll hits you with a +0 flail!
The gnoll hits you from afar with a +0 spear.
You block the adder's attack.
You climb upwards.
You feel sick.
There is a stone staircase leading down here.
You barely miss the gnoll.
You feel sick.
You are no longer poisoned.
The gnoll hits you with a +0 flail. The gnoll barely misses you.
The gnoll hits you with a +0 club. You block the gnoll's attack.
You slash the gnoll! Your headbutt misses the gnoll.
The gnoll is severely wounded.
The gnoll hits you with a +0 flail!
* * * LOW HITPOINT WARNING * * *
The gnoll hits you but does no damage.
You hit the gnoll.
The gnoll is almost dead.
The gnoll closely misses you. You furiously retaliate!
You headbutt the gnoll!
You kill the gnoll!
The gnoll hits you with a +0 flail.
* * * LOW HITPOINT WARNING * * *
Your Long Blades skill increases to level 4!
It was a potion of mutation.
You feel extremely strange.
You feel a little pissed off.
You feel clumsy. The gnoll closely misses you.
You hit the gnoll.
The gnoll is moderately wounded.
The gnoll hits you with a +0 flail!
You die...

#.##.###.###..............))..
#.##.....................##...
#.######...........#.#..###.##
#.# #.######.#...>...###.## #.#
#.# #.#..#.#..#....# #.# #.#
#.#............. #.# #.#
#.#.............
#.######.######.#.....##......
#..........Sg@)#.............#
########.######.#..##.###<#..#
#.# #.#..##.##.#.... #.#
#....#..>.###.## #.# ###..#...##
##.#
###########.########..#.<..###.##
....[.......................#.###
###########################..####
#......


You could see a gnoll (weak-willed) and an adder (weak-willed).

Vanquished Creatures
  3 adders (D:2)
  4 gnolls (D:2)
  2 dart slugs (D:2)
  A ribbon worm (D:2)
  4 bats
  4 endoplasms
  2 giant cockroaches (D:1)
  6 goblins
  3 hobgoblins
  5 jackals (D:1)
  2 kobolds (D:1)
  A quokka (D:2)
  3 ball pythons (D:2)
  3 frilled lizards
  5 rats
48 creatures vanquished.

Notes
Turn   | Place    | Note
-------+----------+-------------------------------------------
     0 | D:1      | CraigForest the Minotaur Fighter began the quest for the
                  | Orb.
     0 | D:1      | Reached XP level 1. HP: 19/19 MP: 0/0
   289 | D:1      | Reached XP level 2. HP: 27/27 MP: 1/1
   770 | D:2      | Reached XP level 3. HP: 23/33 MP: 2/2
   887 | D:2      | Reached XP level 4. HP: 34/40 MP: 3/3
  1030 | D:2      | Found Ijiuss's Antique Armour Shoppe.
  1445 | D:2      | HP: 2/40 [gnoll/+0 flail (5)]
  1446 | D:2      | Gained mutation: You sometimes lose your temper in combat.
                  | [potion of mutation]
  1446 | D:2      | Gained mutation: You are clumsy. (Dex -2) [potion of
                  | mutation]
  1447 | D:2      | Slain by a gnoll

Illustrated notes

Levels and vault maps discovered:
D:1:      psy_arrival_conway, layout_rooms
D:2:      layout_loops_ring, serial_shops, nicolae_shop_advertising_works
          [nicolae_subvault_shop_adworks], st_stairs_14, nicolae_grassy_gnolls
D:3:      layout_rooms, lemuel_tele_altar, mainiacjoe_overflow_boulevard,
          marbit_many_paths, chequers_serial_rivers_micro_a,
          uniq_crazy_yiuf_cottage, uniq_jessica

Skill      XL: |  1  2  3  4 |
---------------+-------------+-----
Fighting       | 4 |  4.3
Shields        | 4 |  4.4
Armour         | 4 |  4.4
Long Blades    | 3 4 |  4.0
Dodging        | |  0.9

Action                     |  1- 3 |  4- 6 || total
---------------------------+-------+-------++-------
  Melee: Long sword        |    90 |    43 ||   133
         Headbutt          |    14 |     5 ||    19
    Use: Scroll            |       |     2 ||     2
         Potion            |       |     1 ||     1
   Stab: Held in net/web   |     1 |       ||     1
 Armour: Scale mail        |    49 |    22 ||    71
         Leather armour    |       |    12 ||    12
  Dodge: Dodged            |    29 |    20 ||    49
  Block: Buckler           |    36 |    37 ||    73
         Reflection        |     4 |     1 ||     5

Table legend: (Time is in decaauts)
 A = Elapsed time spent in this place.
 B = Non-inter-level travel time spent in this place.
 C = Inter-level travel time spent in this place.
 D = Time resting spent in this place.
 E = Time spent auto-exploring this place.
 F = Levels seen in this place.
 G = Mean time per level.
                   A        B        C        D        E       F      G
               +--------+--------+--------+--------+--------+-----+--------+
         Total |   1486 |   1435 |     51 |    102 |    952 |   3 |  495.3 |
       Dungeon |   1486 |   1435 |     51 |    102 |    952 |   3 |  495.3 |
               +--------+--------+--------+--------+--------+-----+--------+

Top non-repeatable levels by time:
     D:2: 897 daAuts
     D:1: 580 daAuts
     D:3: 8 daAuts
